 Dungeon Crawl Stone Soup version 0.29.0-11-gd7f09526c8 (webtiles) character file.

Game seed: 11495583203534968632

349 kd29 the Changer (level 6, -1/38 HPs)
             Began as an Octopode Transmuter on Sept 6, 2022.
             Slain by a gnoll
             ... wielding a +0 whip
              (7 damage)
             ... on level 3 of the Dungeon.
             The game lasted 00:03:51 (3826 turns).

kd29 the Changer (Octopode Transmuter)              Turns: 3826, Time: 00:03:51

Health: -1/38      AC:  1    Str:  9    XL:     6   Next: 60%
Magic:  11/11      EV: 13    Int: 15    God:
Gold:   191        SH:  0    Dex: 15    Spells: 5/12 levels left

rFire   . . .      SeeInvis .   p - +2 trident (vorpal)
rCold   . . .      Faith    .   (no shield)
rNeg    + . .      Spirit   .   (helmet currently unavailable)
rPois   .          Reflect  .   j - amulet of magic regeneration
rElec   .          Harm     .   g - ring of positive energy
rCorr   .          Rampage  .   (no ring)
Will    .....                   (no ring)
Stlth   ++........              (no ring)
HPRegen 0.12/turn               (no ring)
MPRegen 0.52/turn               (no ring)
                                (no ring)
                                (no ring)

@: appendages
A: tentacle spike 3, almost no armour, amphibious, 8 rings, camouflage 1,
gelatinous body 1, (nimble swimmer 1), tentacles
a: End Transformation


You were on level 3 of the Dungeon.
One of your tentacles had grown a beastly spike.
You visited 1 branch of the dungeon, and saw 4 of its levels.
You also visited: Sewer.

You collected 191 gold pieces.

Inventory:

Hand Weapons
 c - a +0 dagger
 p - a +2 vorpal trident (weapon)
Jewellery
 d - an amulet of faith
 g - a ring of positive energy (left tentacle)
 j - an amulet of magic regeneration (around mantle)
Scrolls
 b - 2 scrolls of amnesia {unknown}
 e - 2 scrolls of immolation {unknown}
 k - a scroll of vulnerability {unknown}
 n - a scroll of poison {unknown}
 q - a scroll of identify {unknown}
Potions
 a - a potion of lignification
 f - a potion of curing {unknown}
 h - a potion of brilliance
 i - a potion of haste {unknown}
 l - a potion of mutation {unknown}
 m - 4 potions of flight
 o - a potion of resistance {unknown}
 r - 2 potions of might {unknown}
 s - a potion of heal wounds


   Skills:
 - Level 1.0 Fighting
 - Level 2.0 Dodging
 - Level 3.0 Unarmed Combat
 + Level 3.7 Spellcasting
 * Level 5.4 Transmutations
 * Level 1.4 Ice Magic


You had 5 spell levels left.
You knew the following spells:

 Your Spells              Type           Power      Damage    Failure   Level
a - Beastly Appendage     Tmut           38%        N/A       1%          1
b - Wereblood             Tmut           19%        N/A       3%          2
c - Ice Form              Ice/Tmut       13%        N/A       41%         4

Your spell library contained the following spells:

 Spells                   Type           Power      Damage    Failure   Level
 Magic Dart               Conj           8%         1d3       19%         1
 Spider Form              Tmut/Pois      11%        N/A       19%         3
 Call Imp                 Summ           2%         N/A       28%         2
 Mephitic Cloud           Conj/Pois/Air  2%         N/A       50%         3


Dungeon Overview and Level Annotations

Branches:
Dungeon (4/15)              Sewer (visited)
 Temple: D:4-7

Altars:
Wu Jian


Innate Abilities, Weirdness & Mutations

One of your tentacles has grown a beastly spike.
You cannot wear most types of armour.
You are amphibious.
You can wear up to eight rings at the same time.
Your skin changes colour to match your surroundings (Stealth+).
Your rubbery body absorbs attacks. (AC +1, EV +1)
((You are camouflaged when in or above water. (Stealth+)))
You have tentacles for arms and can constrict up to eight enemies at once.


Message History

An orc comes into view. It is wielding a +0 hand axe.
Things that are here:
a +0 dagger; an orc corpse You reach to attack!
The orc shouts!
You puncture the gnoll!
The gnoll is severely wounded.
You hear a shout!
You barely miss the gnoll. You grab the gnoll.
You pierce the gnoll.
The gnoll is almost dead.
You constrict the gnoll, but do no damage.
The gnoll barely misses you.
You hit the gnoll.
You kill the gnoll!
The orc wizard hits you with a +0 dagger.
The gnoll hits you from afar with a +0 halberd.
The gnoll hits you with a +0 whip.
You hit the orc wizard. You grab the orc wizard. You squeeze the orc wizard.
The orc wizard is severely wounded.
You constrict the orc wizard.
You kill the orc wizard!
The gnoll hits you from afar with a +0 halberd!
The gnoll closely misses you.
You are too injured to fight recklessly!
You are too injured to fight recklessly!
You are too injured to fight recklessly!
You are too injured to fight recklessly!
The orc attacks as you move away! The orc hits you with a +0 hand axe.
The gnoll attacks as you move away! The gnoll barely misses you.
There is a stone staircase leading up here.
The orc closely misses you. The gnoll hits you with a +0 whip.
* * * LOW HITPOINT WARNING * * *
You climb upwards.
There is a stone staircase leading down here.
You hit the orc. You grab the orc.
You pierce the orc.
You kill the orc!
The gnoll hits you with a +0 whip.
* * * LOW HITPOINT WARNING * * *
The gnoll hits you with a +0 whip!
You die...

....####.# #.# #...# .........#
######.###...####
....##########...##.#........####
..#.# #...................##.#
.##.# #.###...##..........#...
..#.# ##.##.....#..##..........
#.#.# #.#.#.....#[.##..........
#.##########.....)...##.###.#....
.........~~#....@.##.##.# #......
........~~~#...g..##.##.# ###....
(.......~~~#.#######.##.# ###...
....(...~~~#.### #.##.####.....
.._♣...~~~~#...# #.##..........
..)...(.†~~###.#####.#######.....
.........~~#.........# #.........
#####.########.#########.#####...
##.#.##.# #...........# ####


You could see a gnoll.

Vanquished Creatures
  2 kobold brigands (Sewer)
  A jelly (D:4)
  An iguana (D:3)
  An orc wizard (D:4)
  A gnoll (D:4)
  A river rat (Sewer)
  3 adders
  3 worms
  3 dart slugs
  7 orcs
  5 endoplasms
  A giant cockroach (D:3)
  A goblin (D:4)
  4 hobgoblins
  2 jackals (Sewer)
  4 quokkas (D:3)
  12 ball pythons
  3 bats
  3 frilled lizards
  8 kobolds
  4 rats
70 creatures vanquished.

Notes
Turn   | Place    | Note
-------+----------+-------------------------------------------
     0 | D:1      | kd29 the Octopode Transmuter began the quest for the Orb.
     0 | D:1      | Reached XP level 1. HP: 13/13 MP: 3/3
   483 | D:1      | Reached XP level 2. HP: 17/18 MP: 3/5
   949 | D:2      | Reached skill level 3 in Transmutations
   949 | D:2      | Reached XP level 3. HP: 21/23 MP: 4/6
   952 | D:2      | Learned a level 2 spell: Wereblood
  2244 | D:3      | Reached XP level 4. HP: 28/28 MP: 6/8
  2248 | D:3      | Identified the +1 helmet of the Trombone {rElec rF+ Int+3
                  | Stlth+}
  2442 | D:3      | Found a glowing drain.
  2463 | Sewer    | Entered a sewer
  2591 | Sewer    | Noticed a kobold brigand
  2593 | Sewer    | Noticed a kobold brigand
  2606 | Sewer    | Reached skill level 4 in Transmutations
  2613 | Sewer    | Killed a kobold brigand
  2614 | Sewer    | Reached XP level 5. HP: 25/33 MP: 7/9
  2618 | Sewer    | Killed a kobold brigand
  2619 | Sewer    | Reached skill level 5 in Transmutations
  2619 | Sewer    | Reached XP level 6. HP: 23/38 MP: 7/11
  2739 | Sewer    | Found a glowing silver altar of Zin.
  2806 | D:3      | Learned a level 4 spell: Ice Form
  2835 | D:3      | Found an ornate altar of the Wu Jian Council.
  3540 | D:3      | Reached skill level 1 in Ice Magic
  3826 | D:3      | Slain by a gnoll

Illustrated notes

Levels and vault maps discovered:
D:1:      elethiomel_arrival_infinity_welcomes_careful_drivers, layout_rooms
D:2:      layout_basic, st_stairs_6, guppyfry_early_lair_pool
D:3:      layout_loops_ring, nzn_wu_jian_contemplation,
          cheibrodos_sewer_entry_sluice
D:4:      layout_basic, minmay_temple_entry_wispy

Skill      XL: |  1  2  3  4  5  6 |
---------------+-------------------+-----
Transmutations | 3 4 5 |  5.4
Spellcasting   | 3 |  3.7
Ice Magic      | 1 |  1.4
Fighting       | |  1.0
Dodging        | |  2.0
Unarmed Combat | |  3.0

Action                   |  1- 3 |  4- 6 || total
-------------------------+-------+-------++-------
Melee: Dagger            |    64 |       ||    64
       Tentacles         |    21 |    11 ||    32
       Constrict         |    16 |    14 ||    30
       Kick              |    23 |    22 ||    45
       Punch             |     2 |     1 ||     3
       Trident           |     3 |    73 ||    76
 Cast: Beastly Appendage |    27 |    15 ||    42
       Wereblood         |       |     4 ||     4
  Use: Potion            |       |     2 ||     2
 Stab: Sleeping          |     5 |     1 ||     6
Armor: Skin              |     2 |     3 ||     5
Dodge: Dodged            |    40 |    36 ||    76
